General information
- name: BNet
- type: Ladder team game (AT/RT)
- host: Battle.net
- saver: LakeOfTears
map: MarketSquare
- players: 8
- length: 118:25
- speed: Fast
- version: 1.27 W3XP
- replay type: Public
» download(515 KB)
Players
team 1 (loser)

»
P12ACTICE (
yellow | 29 APM | 3420 actions | 118:25)
6 Death Knight
2 Death Coil
3 Unholy Aura
1 Animate Dead
3 Lich
2 Frost Nova
1 Frost Armor
2 Dreadlord
1 Sleep
1 Carrion Swarm
» actions
| Assign group hotkey | 10 | |
| Basic commands | 269 | |
| Build / train | 97 | |
| Enter build submenu | 18 | |
| Enter hero's abilities submenu | 11 | |
| Give item / drop item | 3 | |
| Remove unit from queue | 3 | |
| Right click | 1630 | |
| Select / deselect | 1158 | |
| Select group hotkey | 16 | |
| Use ability | 200 | |
3420 total
» units
| Acolyte | 2 | |
| Ghoul | 5 | |
| Crypt Fiend | 22 | |
| Obsidian Statue | 4 | |
| Abomination | 2 | |
| Frost Wyrm | 3 | |
38 total
» upgrades
| Creature Attack | 3 | |
| Creature Carapace | 3 | |
| Web | 1 | |
| Destroyer Form | 1 | |
| Burrow | 1 | |
9 total
» buildings
| Crypt | 1 | |
| Graveyard | 1 | |
| Altar of Darkness | 1 | |
| Ziggurat | 5 | |
| Tomb of Relics | 1 | |
| Halls of the Dead | 2 | |
| Black Citadel | 2 | |
| Sacrificial Pit | 1 | |
| Slaughterhouse | 2 | |
| Boneyard | 2 | |
18 total
» build order
00:25 Crypt
00:33 Graveyard
00:44 Altar of Darkness
00:59 Ziggurat
01:13 Tomb of Relics
01:46 Ziggurat
03:40 Ziggurat
06:12 Ziggurat
06:14 Halls of the Dead
06:14 Halls of the Dead
09:24 Black Citadel
09:27 Sacrificial Pit
10:07 Slaughterhouse
10:08 Slaughterhouse
18:01 Boneyard
18:02 Boneyard
18:41 Ziggurat
» items
| Rod of Necromancy | 3 | |
| Staff of Teleportation | 1 | |
| Boots of Speed | 1 | |
| Potion of Lesser Invulnerability | 2 | |
| Scroll of Town Portal | 4 | |
| Orb of Corruption | 2 | |
| Potion of Healing | 2 | |
| Potion of Mana | 1 | |
16 total
Beetlejews (
orange | 51 APM | 5999 actions | 118:25)
10 Blademaster
3 Wind Walk
3 Critical Strike
1 Bladestorm
3 Mirror Image
» actions
| Assign group hotkey | 61 | |
| Basic commands | 386 | |
| Build / train | 154 | |
| Enter build submenu | 109 | |
| Enter hero's abilities submenu | 10 | |
| Give item / drop item | 7 | |
| Remove unit from queue | 6 | |
| Right click | 2465 | |
| Select / deselect | 1137 | |
| Select group hotkey | 1090 | |
| Use ability | 574 | |
5999 total
» units
| Peon | 35 | |
| Grunt | 4 | |
| Troll Batrider | 19 | |
| Raider | 11 | |
| Troll Witch Doctor | 7 | |
| Shaman | 9 | |
| Tauren | 6 | |
| Spirit Walker | 5 | |
96 total
» upgrades
| Reinforced Defenses | 1 | |
| Ranged Weapons | 3 | |
| Armor | 3 | |
| Troll Regeneration | 1 | |
| Envenomed Spears | 1 | |
| Liquid Fire | 1 | |
| Pillage | 1 | |
| Melee Weapons | 3 | |
| Spiked Barricades | 3 | |
| Ensnare | 1 | |
| Shaman Training | 2 | |
| Witch Doctor Training | 2 | |
| Spirit Walker Training | 2 | |
| Pulverize | 1 | |
| War Drums Damage Increase | 1 | |
| Berserker Upgrade | 1 | |
| Burning Oil | 1 | |
28 total
» buildings
| Orc Burrow | 5 | |
| Altar of Storms | 1 | |
| Barracks | 1 | |
| Voodoo Lounge | 1 | |
| War Mill | 2 | |
| Stronghold | 1 | |
| Great Hall | 5 | |
| Watch Tower | 89 | |
| Fortress | 1 | |
| Beastiary | 6 | |
| Spirit Lodge | 2 | |
| Tauren Totem | 3 | |
117 total
» build order
00:11 Orc Burrow
00:57 Orc Burrow
01:12 Altar of Storms
01:14 Barracks
02:06 Voodoo Lounge
02:47 War Mill
03:59 Stronghold
05:06 Great Hall
05:19 Watch Tower
05:20 Watch Tower
05:20 Watch Tower
05:24 Watch Tower
06:45 Orc Burrow
06:58 Watch Tower
06:58 Watch Tower
06:59 Watch Tower
09:27 Watch Tower
09:28 Watch Tower
09:28 Watch Tower
09:30 Watch Tower
09:34 Watch Tower
09:35 Watch Tower
10:53 Fortress
11:17 Watch Tower
11:24 Watch Tower
11:27 Watch Tower
12:27 Watch Tower
12:28 Watch Tower
12:29 Watch Tower
12:31 Watch Tower
12:32 Watch Tower
12:33 Watch Tower
13:05 Watch Tower
13:05 Watch Tower
13:08 Watch Tower
13:08 Watch Tower
13:09 Watch Tower
14:40 Great Hall
14:42 Watch Tower
14:42 Watch Tower
14:43 Watch Tower
14:43 Watch Tower
15:45 Watch Tower
15:46 Watch Tower
15:47 Watch Tower
15:48 Watch Tower
16:51 Beastiary
16:53 Beastiary
17:22 Beastiary
17:25 Beastiary
17:30 War Mill
17:38 Beastiary
19:17 Watch Tower
19:17 Watch Tower
19:20 Watch Tower
19:21 Watch Tower
19:27 Watch Tower
19:27 Watch Tower
19:33 Watch Tower
20:09 Watch Tower
20:10 Watch Tower
20:12 Watch Tower
20:13 Watch Tower
23:46 Orc Burrow
23:50 Orc Burrow
24:13 Watch Tower
24:13 Watch Tower
24:14 Watch Tower
24:14 Watch Tower
24:14 Watch Tower
24:15 Watch Tower
24:16 Watch Tower
24:16 Watch Tower
24:20 Watch Tower
24:20 Watch Tower
24:20 Watch Tower
30:39 Great Hall
30:43 Watch Tower
30:43 Watch Tower
30:43 Watch Tower
30:44 Watch Tower
30:44 Watch Tower
30:49 Watch Tower
30:49 Watch Tower
30:50 Watch Tower
30:51 Watch Tower
30:51 Watch Tower
30:51 Watch Tower
30:55 Watch Tower
30:58 Watch Tower
30:58 Watch Tower
30:59 Watch Tower
31:00 Watch Tower
31:00 Watch Tower
31:03 Watch Tower
31:14 Watch Tower
31:15 Watch Tower
34:11 Great Hall
35:28 Great Hall
35:31 Watch Tower
35:32 Watch Tower
35:32 Watch Tower
35:32 Watch Tower
35:33 Watch Tower
35:34 Watch Tower
35:34 Watch Tower
35:35 Watch Tower
35:36 Watch Tower
35:36 Watch Tower
35:37 Watch Tower
35:37 Watch Tower
53:02 Spirit Lodge
53:07 Spirit Lodge
58:15 Tauren Totem
58:16 Tauren Totem
58:22 Tauren Totem
» items
| Healing Salve | 1 | |
| Staff of Teleportation | 1 | |
| Periapt of Vitality | 1 | |
| Orb of Lightning | 1 | |
| Potion of Healing | 1 | |
| Scroll of Town Portal | 2 | |
| Tiny Great Hall | 1 | |
| Circlet of Nobility | 1 | |
9 total
Victorino24 (
teal | 14 APM | 1492 actions | 105:55)
5 Keeper of the Grove
2 Force of Nature
2 Thorns Aura
1 Entangling Roots
» actions
| Assign group hotkey | 25 | |
| Basic commands | 13 | |
| Build / train | 96 | |
| Enter build submenu | 19 | |
| Enter hero's abilities submenu | 5 | |
| Remove unit from queue | 6 | |
| Right click | 484 | |
| Select / deselect | 519 | |
| Select group hotkey | 265 | |
| Use ability | 59 | |
1492 total
» units
| Wisp | 19 | |
| Archer | 23 | |
| Hippogryph | 16 | |
| Druid of the Talon | 5 | |
| Chimaera | 3 | |
66 total
» upgrades
| Ultravision | 1 | |
| Strength of the Moon | 3 | |
| Moon Armor | 3 | |
| Improved Bows | 1 | |
| Hippogryph Taming | 1 | |
| Marksmanship | 1 | |
| Druid of the Talon Training | 2 | |
| Corrosive Breath | 1 | |
| Mark of the Talon | 1 | |
| Strength of the Wild | 2 | |
| Reinforced Hides | 2 | |
18 total
» buildings
| Moon Well | 7 | |
| Altar of Elders | 1 | |
| Ancient of War | 1 | |
| Hunter's Hall | 1 | |
| Ancient Protector | 1 | |
| Tree of Ages | 1 | |
| Tree of Eternity | 1 | |
| Ancient of Wind | 3 | |
| Tree of Life | 3 | |
| Chimaera Roost | 2 | |
21 total
» build order
00:16 Moon Well
00:23 Altar of Elders
01:10 Ancient of War
01:35 Moon Well
02:23 Hunter's Hall
03:35 Ancient Protector
04:17 Tree of Ages
05:10 Moon Well
05:12 Moon Well
07:08 Tree of Eternity
07:11 Ancient of Wind
07:15 Ancient of Wind
11:06 Tree of Life
12:27 Moon Well
12:30 Moon Well
13:35 Moon Well
19:55 Chimaera Roost
19:59 Chimaera Roost
22:12 Tree of Life
27:24 Tree of Life
29:10 Ancient of Wind
gkjdfgh59867478 (
blue | 12 APM | 1154 actions | 95:17)
10 Death Knight
3 Death Coil
3 Unholy Aura
1 Animate Dead
3 Death Pact
» actions
| Basic commands | 1 | |
| Build / train | 86 | |
| Enter build submenu | 25 | |
| Enter hero's abilities submenu | 10 | |
| Right click | 589 | |
| Select / deselect | 380 | |
| Use ability | 62 | |
1154 total
» units
| Acolyte | 8 | |
| Ghoul | 14 | |
| Frost Wyrm | 20 | |
| Crypt Fiend | 6 | |
48 total
» upgrades
| Freezing Breath | 1 | |
| Creature Attack | 3 | |
| Creature Carapace | 3 | |
| Web | 1 | |
8 total
» buildings
| Crypt | 1 | |
| Ziggurat | 13 | |
| Altar of Darkness | 1 | |
| Tomb of Relics | 1 | |
| Halls of the Dead | 1 | |
| Graveyard | 2 | |
| Black Citadel | 1 | |
| Sacrificial Pit | 1 | |
| Nerubian Tower | 3 | |
| Necropolis | 1 | |
| Boneyard | 2 | |
| Spirit Tower | 7 | |
34 total
» build order
00:30 Crypt
00:34 Ziggurat
00:39 Altar of Darkness
02:03 Ziggurat
02:31 Tomb of Relics
03:03 Halls of the Dead
03:54 Ziggurat
04:47 Graveyard
04:52 Ziggurat
05:12 Graveyard
05:29 Black Citadel
05:35 Sacrificial Pit
05:59 Nerubian Tower
06:01 Ziggurat
06:03 Ziggurat
06:07 Ziggurat
06:44 Necropolis
08:50 Boneyard
08:57 Ziggurat
08:59 Ziggurat
09:03 Ziggurat
09:30 Boneyard
09:59 Spirit Tower
10:01 Nerubian Tower
10:50 Ziggurat
10:51 Ziggurat
10:58 Ziggurat
12:02 Nerubian Tower
12:04 Spirit Tower
12:05 Spirit Tower
12:14 Spirit Tower
12:17 Spirit Tower
18:08 Spirit Tower
» items
| Boots of Speed | 1 | |
| Scroll of Town Portal | 3 | |
| Scroll of Healing | 1 | |
| Potion of Healing | 2 | |
7 total
team 2 (winner)

»
CoPaDViNo (
green | 64 APM | 2233 actions | 35:05)
5 Archmage
3 Summon Water Elemental
2 Brilliance Aura
4 Mountain King
2 Storm Bolt
2 Bash
» actions
| Assign group hotkey | 89 | |
| Basic commands | 122 | |
| Build / train | 176 | |
| ESC pressed | 3 | |
| Enter build submenu | 47 | |
| Enter hero's abilities submenu | 9 | |
| Give item / drop item | 1 | |
| Right click | 490 | |
| Select / deselect | 552 | |
| Select group hotkey | 562 | |
| Use ability | 182 | |
2233 total
» units
| Peasant | 38 | |
| Footman | 7 | |
| Kobold Geomancer | 1 | |
| Assassin | 1 | |
| Rogue | 1 | |
| Spell Breaker | 8 | |
| Priest | 3 | |
| Sorceress | 6 | |
| Mortar Team | 10 | |
| Flying Machine | 9 | |
| Siege Engine | 1 | |
85 total
» upgrades
| Lumber Harvesting | 2 | |
| Masonry | 3 | |
| Defend | 1 | |
| Priest Training | 1 | |
| Sorceress Training | 1 | |
| Magic Sentry | 1 | |
| Swords | 1 | |
| Armor | 1 | |
| Gunpowder | 2 | |
| Flare | 1 | |
| Plating | 1 | |
| Fragmentation Shards | 1 | |
| Flak Cannons | 1 | |
| Flying Machine Bombs | 1 | |
| Barrage | 1 | |
19 total
» buildings
| Altar of Kings | 2 | |
| Farm | 14 | |
| Barracks | 1 | |
| Scout Tower | 29 | |
| Arcane Tower | 2 | |
| Lumber Mill | 3 | |
| Guard Tower | 30 | |
| Keep | 4 | |
| Arcane Vault | 4 | |
| Town Hall | 1 | |
| Arcane Sanctum | 2 | |
| Blacksmith | 1 | |
| Workshop | 3 | |
| Castle | 1 | |
97 total
» build order
00:18 Altar of Kings
00:23 Farm
00:42 Barracks
00:48 Farm
01:37 Farm
01:55 Scout Tower
02:14 Farm
02:26 Arcane Tower
02:56 Farm
03:28 Scout Tower
03:30 Scout Tower
03:31 Scout Tower
03:31 Scout Tower
03:36 Lumber Mill
03:47 Farm
03:52 Lumber Mill
03:58 Arcane Tower
04:11 Scout Tower
04:22 Guard Tower
04:27 Guard Tower
04:34 Guard Tower
04:35 Guard Tower
04:35 Guard Tower
04:41 Guard Tower
04:42 Guard Tower
04:42 Guard Tower
05:13 Keep
05:14 Keep
05:14 Keep
05:14 Keep
05:25 Scout Tower
05:28 Scout Tower
05:30 Scout Tower
05:45 Arcane Vault
06:00 Guard Tower
06:06 Guard Tower
06:06 Guard Tower
06:07 Guard Tower
06:45 Town Hall
07:50 Arcane Sanctum
08:22 Arcane Sanctum
08:26 Blacksmith
08:32 Scout Tower
08:33 Scout Tower
08:35 Scout Tower
08:40 Farm
08:43 Farm
08:44 Farm
09:26 Guard Tower
09:29 Scout Tower
09:29 Scout Tower
10:06 Lumber Mill
10:27 Guard Tower
10:50 Scout Tower
10:50 Scout Tower
10:51 Scout Tower
10:51 Scout Tower
10:52 Scout Tower
10:53 Scout Tower
10:54 Scout Tower
10:54 Scout Tower
10:54 Scout Tower
10:55 Scout Tower
10:56 Scout Tower
11:34 Farm
11:35 Farm
11:37 Farm
11:37 Farm
11:44 Guard Tower
12:50 Guard Tower
12:50 Guard Tower
12:50 Guard Tower
13:34 Guard Tower
13:35 Guard Tower
13:35 Guard Tower
14:03 Guard Tower
14:07 Guard Tower
16:30 Altar of Kings
16:33 Workshop
16:35 Workshop
16:37 Workshop
17:07 Arcane Vault
18:00 Guard Tower
18:28 Arcane Vault
20:15 Scout Tower
20:17 Scout Tower
20:18 Scout Tower
21:45 Scout Tower
22:00 Guard Tower
22:18 Guard Tower
27:38 Castle
29:28 Farm
33:43 Arcane Vault
» items
| Scroll of Regeneration | 6 | |
| Potion of Mana | 1 | |
| Potion of Healing | 2 | |
| Lesser Clarity Potion | 4 | |
| Scroll of Town Portal | 8 | |
21 total
Macotela (
red | 30 APM | 1232 actions | 41:26)
4 Blademaster
2 Mirror Image
1 Wind Walk
1 Critical Strike
» actions
| Assign group hotkey | 32 | |
| Basic commands | 6 | |
| Build / train | 92 | |
| Enter build submenu | 24 | |
| Enter hero's abilities submenu | 4 | |
| Give item / drop item | 3 | |
| Remove unit from queue | 2 | |
| Right click | 301 | |
| Select / deselect | 394 | |
| Select group hotkey | 212 | |
| Use ability | 162 | |
1232 total
» units
| Peon | 6 | |
| Grunt | 8 | |
| Shaman | 9 | |
| Troll Witch Doctor | 13 | |
| Raider | 7 | |
| Tauren | 1 | |
| Kodo Beast | 1 | |
45 total
» upgrades
| Melee Weapons | 3 | |
| Armor | 3 | |
| Berserker Strength | 1 | |
| Shaman Training | 2 | |
| Witch Doctor Training | 2 | |
| Pillage | 1 | |
| Ensnare | 1 | |
| Spiked Barricades | 1 | |
| War Drums Damage Increase | 1 | |
| Pulverize | 1 | |
| Ranged Weapons | 1 | |
17 total
» buildings
| Altar of Storms | 1 | |
| Orc Burrow | 6 | |
| Barracks | 2 | |
| Voodoo Lounge | 1 | |
| War Mill | 1 | |
| Stronghold | 1 | |
| Watch Tower | 6 | |
| Spirit Lodge | 2 | |
| Fortress | 1 | |
| Tauren Totem | 2 | |
| Beastiary | 2 | |
25 total
» build order
00:09 Altar of Storms
00:14 Orc Burrow
00:28 Barracks
00:32 Barracks
01:26 Voodoo Lounge
02:03 Orc Burrow
02:31 War Mill
03:36 Stronghold
03:52 Watch Tower
04:02 Watch Tower
04:12 Watch Tower
05:02 Orc Burrow
06:10 Spirit Lodge
06:17 Spirit Lodge
07:21 Watch Tower
07:37 Watch Tower
09:15 Fortress
12:22 Watch Tower
12:29 Tauren Totem
12:30 Tauren Totem
17:08 Beastiary
17:14 Beastiary
19:55 Orc Burrow
21:29 Orc Burrow
28:42 Orc Burrow
» items
| Lesser Clarity Potion | 4 | |
| Healing Salve | 4 | |
| Scroll of Speed | 4 | |
| Staff of Teleportation | 1 | |
| Circlet of Nobility | 1 | |
| Orb of Lightning | 1 | |
| Scroll of Town Portal | 5 | |
| Potion of Healing | 1 | |
21 total
LakeOfTears (
pink | 56 APM | 6658 actions | 118:25)
9 Archmage
3 Summon Water Elemental
3 Brilliance Aura
2 Mass Teleport
1 Blizzard
7 Mountain King
3 Storm Bolt
3 Bash
1 Avatar
1 Paladin
1 Resurrection
» actions
| Assign group hotkey | 136 | |
| Basic commands | 136 | |
| Build / train | 410 | |
| ESC pressed | 41 | |
| Enter build submenu | 147 | |
| Enter hero's abilities submenu | 18 | |
| Give item / drop item | 15 | |
| Right click | 2036 | |
| Select / deselect | 1306 | |
| Select group hotkey | 1669 | |
| Use ability | 742 | |
6658 total
» units
| Peasant | 17 | |
| Footman | 3 | |
| Rifleman | 21 | |
| Dragonhawk Rider | 7 | |
| Gryphon Rider | 2 | |
| Priest | 9 | |
| Knight | 3 | |
| Sorceress | 2 | |
| Siege Engine | 1 | |
65 total
» upgrades
| Gunpowder | 4 | |
| Armor | 4 | |
| Long Rifles | 2 | |
| Masonry | 5 | |
| Lumber Harvesting | 2 | |
| Swords | 3 | |
| Cloud | 1 | |
| Animal War Training | 1 | |
| Storm Hammers | 1 | |
| Reinforced Defenses | 1 | |
| Plating | 3 | |
| Defend | 1 | |
| Priest Training | 3 | |
| Flak Cannons | 1 | |
| Fragmentation Shards | 1 | |
| Flying Machine Bombs | 1 | |
| Barrage | 1 | |
| Flare | 1 | |
| Backpack | 1 | |
| Sorceress Training | 2 | |
| Control Magic | 1 | |
| Magic Sentry | 1 | |
41 total
» buildings
| Altar of Kings | 1 | |
| Farm | 34 | |
| Barracks | 4 | |
| Blacksmith | 2 | |
| Arcane Vault | 3 | |
| Keep | 11 | |
| Town Hall | 5 | |
| Scout Tower | 77 | |
| Lumber Mill | 5 | |
| Castle | 7 | |
| Guard Tower | 163 | |
| Arcane Tower | 1 | |
| Gryphon Aviary | 6 | |
| Workshop | 3 | |
| Arcane Sanctum | 2 | |
| Cannon Tower | 2 | |
326 total
» build order
00:37 Altar of Kings
00:39 Farm
01:07 Barracks
01:12 Farm
01:20 Farm
01:49 Farm
02:39 Blacksmith
02:45 Arcane Vault
03:00 Farm
03:59 Keep
03:59 Keep
05:51 Town Hall
06:42 Scout Tower
06:43 Scout Tower
06:44 Scout Tower
06:46 Scout Tower
06:57 Lumber Mill
07:04 Farm
08:55 Castle
08:56 Castle
09:59 Scout Tower
10:01 Scout Tower
10:02 Scout Tower
10:26 Guard Tower
10:26 Guard Tower
10:26 Guard Tower
10:38 Arcane Tower
11:01 Guard Tower
11:03 Guard Tower
11:05 Guard Tower
11:06 Guard Tower
11:06 Guard Tower
11:27 Guard Tower
11:27 Guard Tower
13:47 Guard Tower
14:30 Scout Tower
14:31 Scout Tower
14:32 Scout Tower
14:33 Scout Tower
15:53 Gryphon Aviary
16:25 Gryphon Aviary
16:27 Farm
16:58 Farm
18:12 Farm
18:36 Farm
20:55 Scout Tower
20:55 Scout Tower
20:56 Scout Tower
20:57 Scout Tower
20:58 Scout Tower
21:40 Guard Tower
21:40 Guard Tower
21:41 Guard Tower
21:41 Guard Tower
21:42 Scout Tower
21:43 Scout Tower
21:46 Scout Tower
21:49 Scout Tower
21:51 Scout Tower
22:02 Town Hall
22:06 Scout Tower
22:07 Scout Tower
22:08 Scout Tower
22:13 Scout Tower
22:24 Guard Tower
22:24 Guard Tower
22:25 Guard Tower
22:25 Guard Tower
22:34 Guard Tower
22:34 Guard Tower
22:46 Guard Tower
23:04 Guard Tower
23:32 Guard Tower
24:11 Guard Tower
27:39 Scout Tower
27:40 Scout Tower
27:40 Scout Tower
27:41 Scout Tower
28:20 Guard Tower
28:20 Guard Tower
28:20 Guard Tower
28:20 Guard Tower
30:28 Scout Tower
30:29 Scout Tower
30:31 Scout Tower
30:32 Scout Tower
30:33 Scout Tower
30:51 Town Hall
30:53 Scout Tower
30:54 Scout Tower
30:57 Scout Tower
30:58 Scout Tower
31:00 Scout Tower
31:02 Guard Tower
31:02 Guard Tower
31:02 Guard Tower
31:03 Guard Tower
31:03 Guard Tower
31:03 Guard Tower
31:04 Guard Tower
31:27 Guard Tower
31:28 Guard Tower
31:28 Guard Tower
31:28 Guard Tower
32:21 Lumber Mill
32:25 Town Hall
34:11 Scout Tower
34:14 Scout Tower
34:16 Scout Tower
34:17 Scout Tower
34:37 Guard Tower
34:37 Guard Tower
34:37 Guard Tower
34:45 Guard Tower
34:46 Guard Tower
34:46 Guard Tower
34:46 Guard Tower
34:57 Guard Tower
35:28 Keep
35:28 Keep
35:28 Keep
35:28 Keep
35:46 Keep
35:47 Keep
35:47 Guard Tower
35:48 Guard Tower
35:48 Guard Tower
35:48 Guard Tower
35:48 Guard Tower
36:30 Farm
36:31 Farm
36:33 Farm
36:37 Lumber Mill
36:39 Scout Tower
37:57 Guard Tower
37:57 Guard Tower
37:57 Guard Tower
37:57 Guard Tower
38:02 Scout Tower
38:03 Scout Tower
38:10 Farm
38:20 Castle
38:20 Castle
38:21 Castle
38:31 Guard Tower
38:31 Guard Tower
38:31 Guard Tower
38:52 Guard Tower
39:36 Scout Tower
40:07 Guard Tower
41:45 Town Hall
41:59 Scout Tower
41:59 Scout Tower
42:00 Scout Tower
42:01 Scout Tower
42:02 Scout Tower
42:48 Guard Tower
42:48 Guard Tower
42:49 Guard Tower
42:50 Guard Tower
42:50 Guard Tower
42:51 Guard Tower
42:53 Guard Tower
42:56 Scout Tower
42:57 Scout Tower
42:59 Scout Tower
43:01 Scout Tower
43:05 Scout Tower
43:44 Guard Tower
43:45 Guard Tower
43:45 Guard Tower
43:45 Guard Tower
44:10 Guard Tower
44:11 Guard Tower
44:11 Guard Tower
44:11 Guard Tower
44:22 Guard Tower
44:23 Guard Tower
44:23 Guard Tower
44:23 Guard Tower
44:24 Guard Tower
44:24 Guard Tower
44:39 Guard Tower
44:40 Guard Tower
44:40 Guard Tower
44:40 Guard Tower
47:57 Scout Tower
47:57 Scout Tower
47:58 Scout Tower
47:59 Scout Tower
48:00 Scout Tower
48:29 Guard Tower
48:29 Guard Tower
48:29 Guard Tower
48:29 Guard Tower
48:31 Guard Tower
48:31 Guard Tower
48:31 Guard Tower
48:31 Guard Tower
62:36 Workshop
62:41 Workshop
62:44 Workshop
68:14 Arcane Sanctum
68:17 Arcane Sanctum
92:15 Lumber Mill
92:19 Farm
92:21 Farm
92:22 Farm
93:41 Lumber Mill
93:43 Farm
93:44 Farm
93:45 Farm
93:46 Farm
93:48 Farm
93:51 Blacksmith
94:08 Barracks
94:10 Barracks
94:14 Barracks
94:27 Scout Tower
94:28 Scout Tower
94:31 Scout Tower
94:36 Scout Tower
94:38 Scout Tower
94:41 Scout Tower
94:56 Gryphon Aviary
94:59 Gryphon Aviary
95:01 Guard Tower
95:01 Guard Tower
95:02 Guard Tower
95:02 Guard Tower
95:03 Gryphon Aviary
95:13 Guard Tower
95:13 Guard Tower
95:13 Guard Tower
95:13 Guard Tower
95:14 Scout Tower
95:16 Scout Tower
95:18 Scout Tower
95:40 Arcane Vault
95:46 Farm
95:53 Arcane Vault
96:00 Guard Tower
96:00 Guard Tower
96:01 Guard Tower
96:02 Scout Tower
96:07 Scout Tower
96:08 Scout Tower
96:34 Guard Tower
96:34 Guard Tower
96:37 Farm
96:39 Farm
96:40 Farm
96:42 Farm
96:43 Guard Tower
96:43 Guard Tower
96:44 Guard Tower
96:44 Guard Tower
96:49 Gryphon Aviary
98:17 Farm
98:19 Farm
98:20 Farm
98:27 Scout Tower
98:29 Scout Tower
98:30 Scout Tower
98:37 Farm
98:39 Farm
98:41 Farm
98:43 Farm
99:02 Cannon Tower
99:02 Cannon Tower
99:03 Guard Tower
99:04 Guard Tower
99:04 Guard Tower
99:04 Guard Tower
» items
| Scroll of Regeneration | 11 | |
| Mechanical Critter | 6 | |
| Scroll of Town Portal | 9 | |
| Staff of Sanctuary | 1 | |
| Ivory Tower | 5 | |
| Periapt of Vitality | 4 | |
| Potion of Lesser Invulnerability | 4 | |
| Potion of Healing | 2 | |
| Potion of Mana | 1 | |
| Circlet of Nobility | 1 | |
| Scroll of Protection | 2 | |
| Staff of Teleportation | 1 | |
47 total
virgin-noob (
purple | 83 APM | 2757 actions | 33:12)
5 Paladin
3 Holy Light
2 Devotion Aura
4 Archmage
2 Blizzard
2 Brilliance Aura
4 Mountain King
2 Storm Bolt
2 Bash
» actions
| Assign group hotkey | 42 | |
| Basic commands | 324 | |
| Build / train | 137 | |
| ESC pressed | 7 | |
| Enter build submenu | 29 | |
| Enter hero's abilities submenu | 13 | |
| Give item / drop item | 17 | |
| Right click | 945 | |
| Select / deselect | 464 | |
| Select group hotkey | 624 | |
| Use ability | 155 | |
2757 total
» units
| Peasant | 15 | |
| Footman | 1 | |
| Rifleman | 7 | |
| Gryphon Rider | 5 | |
| Dragonhawk Rider | 15 | |
43 total
» upgrades
| Masonry | 1 | |
| Long Rifles | 1 | |
| Lumber Harvesting | 2 | |
| Animal War Training | 1 | |
| Storm Hammers | 1 | |
| Magic Sentry | 1 | |
7 total
» buildings
| Barracks | 1 | |
| Altar of Kings | 1 | |
| Farm | 9 | |
| Blacksmith | 1 | |
| Scout Tower | 6 | |
| Arcane Tower | 4 | |
| Arcane Vault | 1 | |
| Town Hall | 3 | |
| Lumber Mill | 1 | |
| Guard Tower | 15 | |
| Keep | 2 | |
| Castle | 2 | |
| Gryphon Aviary | 4 | |
| Arcane Sanctum | 1 | |
51 total
» build order
00:14 Barracks
00:26 Altar of Kings
00:35 Farm
01:05 Farm
01:34 Blacksmith
01:42 Scout Tower
02:05 Farm
02:24 Arcane Tower
03:06 Arcane Vault
04:40 Town Hall
05:02 Scout Tower
05:04 Scout Tower
05:05 Scout Tower
05:07 Scout Tower
05:22 Lumber Mill
06:29 Guard Tower
06:29 Guard Tower
06:29 Guard Tower
06:57 Guard Tower
07:41 Keep
07:41 Keep
09:04 Farm
09:05 Farm
10:02 Castle
10:03 Castle
11:13 Gryphon Aviary
11:18 Gryphon Aviary
12:49 Farm
12:49 Farm
13:36 Farm
14:40 Farm
18:03 Gryphon Aviary
18:25 Gryphon Aviary
21:59 Guard Tower
22:00 Guard Tower
22:00 Guard Tower
22:02 Guard Tower
22:02 Guard Tower
22:03 Guard Tower
22:03 Guard Tower
22:10 Arcane Sanctum
28:01 Town Hall
28:04 Scout Tower
28:32 Arcane Tower
28:32 Arcane Tower
30:00 Town Hall
» items
| Scroll of Regeneration | 4 | |
| Lesser Clarity Potion | 2 | |
| Boots of Speed | 1 | |
| Periapt of Vitality | 1 | |
| Potion of Lesser Invulnerability | 1 | |
| Scroll of Healing | 1 | |
| Scroll of Town Portal | 3 | |
| Orb of Fire | 1 | |
| Potion of Healing | 2 | |
| Ivory Tower | 3 | |
19 total
Chat log
(06:55 / Allies) virgin-noob: all go middle?
(07:20 / Allies) virgin-noob: wood plz
(07:25 / Allies) virgin-noob: all meet
(07:46 / Allies) virgin-noob: 'all come
(08:19 / Allies) virgin-noob: wel that was a failtrain
(08:39 / Allies) virgin-noob: this asshole isnt beinga teammate
(08:46 / Allies) virgin-noob: what a noob
(08:59 / Allies) virgin-noob: that may have screwed us
(09:00 / Allies) virgin-noob: dont leave
(10:06 / Allies) LakeOfTears: wood me if you can
(10:21 / Allies) LakeOfTears: ty
(12:37 / Allies) virgin-noob: wood plz
(12:53 / Allies) virgin-noob: ty
(14:11 / Allies) CoPaDViNo: i tp
(14:27 / Allies) LakeOfTears: ty
(16:20 / Allies) CoPaDViNo: aa'
(16:21 / All) CoPaDViNo: ?
(17:34 / Allies) LakeOfTears: wood me
(17:56 / Allies) LakeOfTears: lumber green
(18:14 / Allies) LakeOfTears: ty
(18:27 / Allies) LakeOfTears: get units
(18:59 / Allies) Macotela: gold plz
(19:14 / Allies) CoPaDViNo: pink !
(19:14 / Allies) LakeOfTears: brt
(20:33 / Allies) virgin-noob: lets hit
(21:47 / Allies) CoPaDViNo: wood me
(22:07 / Allies) Macotela: gold plz
(23:01 / Allies) virgin-noob: go here
(23:39 / All) LakeOfTears: No one gives a shit about you yellow LOL
(23:46 / All) P12ACTICE: fuck this team
(23:52 / All) LakeOfTears: You're part of it, newbie
(23:58 / All) LakeOfTears: try beating the campaign next time
(24:02 / All) P12ACTICE: gg your base pink
(24:04 / All) LakeOfTears: and get some practice vs computer easy
(24:12 / All) LakeOfTears: my base is fine
(24:14 / All) LakeOfTears: yours is not
(24:34 / Allies) CoPaDViNo: tptppt
(26:18 / Allies) CoPaDViNo: pink
(27:29 / Allies) virgin-noob: meet miod
(28:12 / Allies) LakeOfTears: actually that first
(30:12 / Allies) LakeOfTears: that's mine
(30:15 / Allies) LakeOfTears: cancel
(30:17 / Allies) LakeOfTears: or I will cancel it
(30:23 / Allies) LakeOfTears: cancel or I will cancel it
(30:37 / Allies) LakeOfTears: last cahcne to cancel
(30:38 / Allies) LakeOfTears: 5
(30:39 / Allies) LakeOfTears: 4
(30:40 / Allies) LakeOfTears: 3
(30:41 / Allies) LakeOfTears: 2
(30:42 / Allies) LakeOfTears: 1
(30:47 / Allies) LakeOfTears: good boy
(31:44 / Allies) CoPaDViNo: i need ur aa
(31:44 / All) LakeOfTears: gg noobs
(31:49 / All) LakeOfTears: easy game
(32:06 / Allies) LakeOfTears: ty
(32:08 / Allies) LakeOfTears: I need lumber
(32:16 / Allies) LakeOfTears: lumber me purple
(32:28 / Allies) LakeOfTears: lumber boy
(32:30 / Allies) LakeOfTears: give me lumber
(32:45 / Allies) LakeOfTears: lumber
(32:51 / Allies) virgin-noob: your castle
(32:52 / Allies) LakeOfTears: lumber me
(32:55 / All) virgin-noob: good boy
(32:56 / All) LakeOfTears: PURPLE TK
(33:11 / Allies) virgin-noob: next time learn some manners, noob
(33:34 / All) LakeOfTears: sweet got a pendant from leaver purp
(33:47 / All) LakeOfTears: back off blue
(33:47 / Allies) CoPaDViNo: im out of gold
(33:48 / Allies) CoPaDViNo: ok
(33:50 / All) LakeOfTears: BACK THE FUCK OFF!!!!
(34:05 / Allies) CoPaDViNo: meet
(34:23 / Allies) CoPaDViNo: go
(34:49 / Allies) LakeOfTears: das a lot of hippos
(34:53 / Allies) LakeOfTears: don't lead them here, idiot
(35:34 / All) LakeOfTears: retard leading them to my base
(37:44 / All) LakeOfTears: raped lol
(38:21 / All) gkjdfgh59867478: orange noob or woukd killed use
(38:26 / All) LakeOfTears: you're trash
(38:27 / All) LakeOfTears: out
(38:38 / All) gkjdfgh59867478: smashed use alll game
(38:44 / All) LakeOfTears: LOl right
(38:50 / All) LakeOfTears: in your dreams
(39:06 / All) gkjdfgh59867478: orange 22k
(39:20 / All) gkjdfgh59867478: towers all game
(39:30 / All) LakeOfTears: whine more and make excuses bitch boy
(39:52 / All) LakeOfTears: IT'S HUNTING SEASON!
(40:05 / All) LakeOfTears: HIPPOS GOING DOWN FAST!
(40:05 / All) Beetlejews: he's suiciding them not a team player teal
(40:18 / All) LakeOfTears: we're going to cull the hippogryph population in the market square area
(40:23 / All) gkjdfgh59867478: ur shit wish orange wasnt a fag woulda raped uzzs
(40:28 / All) LakeOfTears: lol right
(40:29 / All) LakeOfTears: dream on
(40:37 / All) P12ACTICE: watch replay
(40:42 / All) P12ACTICE: even top was owned
(40:51 / All) LakeOfTears: I don't need to watch replay to see myself rape your whole team again
(40:52 / All) LakeOfTears: I saw it live
(40:53 / All) P12ACTICE: I coulda took out 1v2 if you guys didn't tp
(41:00 / All) LakeOfTears: you should watch the replay and learn from me
(41:06 / All) LakeOfTears: maybe you can learn a thing or two yellow and blue
(41:15 / All) gkjdfgh59867478: riffles is noob
(41:24 / All) gkjdfgh59867478: bm could rape u alone lol
(41:26 / All) Beetlejews: rifles is life
(41:29 / All) LakeOfTears: KLOL says the undead who massed frost wyrms
(41:37 / All) LakeOfTears: I went rifle dhawk gryphon fyi
(42:08 / All) gkjdfgh59867478: im gunna go watch a movie and come back to a win lol orange
(42:13 / All) LakeOfTears: No you won't
(42:17 / All) LakeOfTears: You're going to come back to a loss
(42:19 / All) gkjdfgh59867478: orange towers will rape u alone
(42:20 / All) LakeOfTears: I'll kill orange myself
(42:24 / All) LakeOfTears: trust me
(42:26 / All) LakeOfTears: you come back to a loss
(42:27 / All) P12ACTICE: good luck
(42:30 / All) P12ACTICE: tanks wont do it alone
(42:35 / All) LakeOfTears: You lose, trust me
(42:41 / All) LakeOfTears: have some faith baby
(44:23 / All) Victorino24: HI GUYS
(44:28 / All) LakeOfTears: you lose, trust me
(44:30 / All) gkjdfgh59867478: 33 gold for orange yu think ur winning
(44:37 / All) LakeOfTears: Trust me man
(44:45 / All) LakeOfTears: you just gotta believe
(44:52 / All) Victorino24: ORANGE PLAY ALONE... HAVE 34K GOLD
(44:56 / All) Beetlejews: I WANT TO BELIEVE
(45:07 / All) Victorino24: BUT ALL HIS BUILDINGS ARE FOR AIR
(45:09 / All) LakeOfTears: I win against orange
(45:15 / All) LakeOfTears: I'm winning all by myself
(45:19 / All) Victorino24: AND IS PLACE IN TOP LEFT
(45:43 / All) Victorino24: REALLY... ASOLE
(45:47 / All) Victorino24: ORANGE
(45:48 / All) LakeOfTears: really, you lose teal
(45:53 / All) LakeOfTears: I told you
(45:58 / All) Victorino24: THANKS GOD
(46:03 / All) Victorino24: JAJAJAJA
(46:14 / All) Victorino24: THIS KIND OF GAMES I PREFFER TO LOSE
(46:31 / All) LakeOfTears: well that's great you enjoy giving me a win so much
(46:31 / All) Victorino24: BECAUSE ORANGE MUST LOSE PLAYING LIKE THIS
(46:43 / All) LakeOfTears: I don't care if you do or don't but really good for you if you do
(46:46 / All) P12ACTICE: leaving the game seems like a difficult way to lose aye pink?
(47:00 / All) LakeOfTears: I wouldn't know, I'm staying and winning
(47:02 / All) P12ACTICE: he also cried for gold rather than uprooting his main and running to a gold mine.
(47:07 / All) LakeOfTears: I never get tired of winning
(47:09 / All) P12ACTICE: so.. seems consistent.
(47:20 / All) Victorino24: HE HAVE 4 BASES WITH A LOT OF TOWER
(47:38 / All) Victorino24: BUT ONLY IN THE UP LEFT HAVE THE AIR MAKER
(47:40 / All) LakeOfTears: He's going to lose it all, I will make it all die
(47:44 / All) LakeOfTears: when I will it, it will happen
(47:56 / All) Victorino24: 6 BESTIARY
(50:32 / All) Victorino24: I RECOMEND TO YOU PASS THE MAP DOWN LEFT AND THEM GO UP
(50:42 / All) LakeOfTears: I recommend you just leave and give me my win already
(50:47 / All) Victorino24: HE IS MAKING CASTER
(50:48 / All) LakeOfTears: that's my advice
(51:10 / All) Victorino24: 5 SUICE AIR AND CASTERS
(51:19 / All) LakeOfTears: thanks, big help
(51:22 / All) gkjdfgh59867478: u lose
(51:26 / All) Victorino24: RAIDERS SORRY
(51:29 / All) LakeOfTears: You lose blue
(51:49 / All) P12ACTICE: I don't care for win anymore just want to see orange pull this off
(51:56 / All) P12ACTICE: was mad, now its comical :D
(52:00 / All) Victorino24: INCURSOR IN SPANISH
(52:04 / All) Victorino24: HES MAKING THAT
(52:06 / All) LakeOfTears: alright good you can enjoy your loss more
(52:23 / All) P12ACTICE: teal is not a good teller
(52:30 / All) P12ACTICE: lol making caster ><
(52:38 / All) Victorino24: 11 SUICE AIR
(52:47 / All) LakeOfTears: I made big armies with purple and green
(52:50 / All) Victorino24: AND 18 RAIDERS
(52:50 / All) LakeOfTears: good luck killing them
(52:57 / All) LakeOfTears: I'm making some food then going to crush you all
(53:03 / All) Victorino24: GOING TO UP
(53:08 / All) Victorino24: UP GUYS
(53:10 / All) Victorino24: TAKE CARE
(53:21 / All) Victorino24: GOING TO GREEN
(55:10 / All) gkjdfgh59867478: pink getting scared sending purp in lol
(55:14 / All) LakeOfTears: raped
(55:33 / All) LakeOfTears: that is what I will do to your whole base orange
(55:35 / All) LakeOfTears: Your team loses
(56:28 / All) Victorino24: HES MAKING SAME ARMY TO GO BACK AGAIN
(56:34 / All) P12ACTICE: GOOD INFO TEAL!
(56:36 / All) P12ACTICE: lol
(56:38 / All) LakeOfTears: he'll get raped again
(57:26 / All) Victorino24: GUYS SAME ARMY...
(58:19 / All) gkjdfgh59867478: i wanna watch orange win but im getting bored
(58:26 / All) LakeOfTears: Orange loses, you lose too
(58:48 / All) Victorino24: SAME ARMY
(59:14 / All) Victorino24: BUT NO HE´S MAKING SOME MAGIC ORC
(59:24 / All) Victorino24: HES GOING TO MID MAP
(59:32 / All) LakeOfTears: He's going to his death
(59:43 / All) Victorino24: HES IN THE MID
(59:52 / All) LakeOfTears: he's signing his own death warrant
(60:29 / All) Victorino24: IF YOU CAN SURPRIESE HIM DESTROYING LEFT-UP CITY... THAT WILL BE VERY GOOODDD
(60:40 / All) LakeOfTears: yea it will be a big surprise after you told me to do it
(60:43 / All) Victorino24: HES IN TH MID NOW
(60:45 / All) LakeOfTears: hillary giving war strategy here
(60:55 / All) Victorino24: JAJAJAJAJAJAJA
(60:59 / All) Victorino24: ORANGE IS A GAY
(61:01 / All) LakeOfTears: you don't announce your plans before you commit to them
(61:02 / All) Victorino24: DONT WORRY
(61:18 / All) Victorino24: IF YOU GO YOU KILL HIM FIRST
(61:24 / All) Victorino24: HES GOING UP AGAIN
(61:29 / All) Victorino24: GREEN
(62:48 / All) Victorino24: HES GOING TO THE MID
(62:51 / All) gkjdfgh59867478: ORANGE HAS BALLS PINK SITTING IN BASES LIKE A BITCH
(63:19 / All) gkjdfgh59867478: TEAL IS GAY SUCKS COCK FOR A LIVING
(63:32 / All) LakeOfTears: thought that was blue
(63:40 / All) gkjdfgh59867478: TKING HIM EVERY GAME
(63:41 / All) Victorino24: UP AGAIN
(63:44 / All) Victorino24: VERSUS GREEN
(63:53 / All) LakeOfTears: blue do you remember your first blowjob?
(64:15 / All) gkjdfgh59867478: YA YOUR MOM WAS GREAT
(64:18 / All) LakeOfTears: how long did it take for you to make the guy cum?
(64:56 / All) gkjdfgh59867478: HOW SAD ORANGE GUNNA BEAT U
(65:48 / All) gkjdfgh59867478: GG ORANGE WON BY HIMSELF
(66:12 / All) Victorino24: ORANGE HAVE TAUREN MAKER IN THE LEFT DOWN EXPO... AND OTHER THINGS TO MAKE ARE UP-LEFT PRINCIPAL CITY
(66:18 / All) gkjdfgh59867478: 27K LEFT U THINK U WON SHITBOX PIN
(67:10 / All) gkjdfgh59867478: TEAL MAD CAUSE HE HAS DOWN SYNDROME
(67:24 / All) Victorino24: HES IN THE MID
(67:30 / All) LakeOfTears: damn, I guess I lose
(67:32 / All) LakeOfTears: gg guys
(67:32 / All) gkjdfgh59867478: DAD SAID HE CAN TRY TO PLAY THE GAME IF HE UNDERSTAND
(67:36 / All) P12ACTICE: gg
(67:57 / All) Victorino24: HAVE THE SAME ARMY
(67:58 / All) LakeOfTears: gonna go afk I guess
(68:04 / All) LakeOfTears: you win but have fun killing all my towers
(68:28 / All) Victorino24: 5 TAUREN, 7 RAIDERS, 3 SUICIDE AND ALL MAGIC
(68:35 / All) gkjdfgh59867478: THATS WHAT HIS CATAPULTS ARE FOR
(68:36 / All) Victorino24: HES GOING
(68:42 / All) Victorino24: UP ROGH CITY
(69:12 / All) gkjdfgh59867478: PINK U WERE SO CONFIDENT ABOUT WINNING NOOB
(69:28 / All) gkjdfgh59867478: JUST IMAGINE IF ORANGE PLAYED WITH ARMY EARLIER
(69:46 / All) gkjdfgh59867478: FUCK UR MOTHER PIECE OF SHIT NIGGER
(71:00 / All) gkjdfgh59867478: SEND RAIDER TO FINISH GREEN AND PURPLE
(71:20 / All) gkjdfgh59867478: IM JACKING OFFF CAUSE ORANGE
(71:38 / All) gkjdfgh59867478: LONGER HE PLAYS THE BETTER I FEEL
(71:51 / All) Victorino24: ORANGE MAYOR PART IN THE MID
(72:22 / All) gkjdfgh59867478: TEAL SO SHIT I WISH WE LET U KILL HIM
(72:31 / All) gkjdfgh59867478: RAT GOOF
(72:51 / All) Victorino24: ORANGE HAVE 26K GOLD
(73:29 / All) Victorino24: ORANGE IN THE MID
(73:47 / All) gkjdfgh59867478: TEAL IM GUNNA HACK YOUR COMPUTER AND FUCK UR LIFE
(74:20 / All) Victorino24: HES GOING DOWN
(74:23 / All) Victorino24: MID
(74:26 / All) gkjdfgh59867478: IM GUNNA SEE UR LITTLE FACE ON WEBCAN AND OWN UR FACEBOOK AND EMAIL
(74:31 / All) Victorino24: ONLY WITH RAIDERS
(74:35 / All) gkjdfgh59867478: TEAL U THINK IM JOKING
(74:41 / All) Victorino24: ONLY RAIDERS THERE
(74:51 / All) Beetlejews: nobody likes a rat fink
(75:03 / All) gkjdfgh59867478: TALK AGIAN IM GUNNA HAVE UR DADDY AND MOOMMY REGRETTING HAVING U
(75:30 / All) gkjdfgh59867478: TEAL TALK I DARE U
(75:30 / All) Victorino24: I DONT THINK SO
(75:39 / All) Victorino24: IF PINK PLAY GOOD HE CAN WIN
(75:39 / All) gkjdfgh59867478: UR FUCKED
(75:41 / All) Victorino24: INTELIGENT
(76:05 / All) Victorino24: ONLY HAVE TO BE VERY INTEIGENTS
(76:11 / All) gkjdfgh59867478: YELLOW U EVERY HEARD OF HACKS TAKING OVER THE COMPUTER TEALS TOAST
(76:42 / All) gkjdfgh59867478: TROGAN VIRUS HE CANT FIX
(77:30 / All) LakeOfTears: wow game still going?
(77:35 / All) LakeOfTears: was having some trail mix i made
(77:41 / All) P12ACTICE: ooh what kind?
(77:54 / All) P12ACTICE: happy new years by the way :D
(77:56 / All) LakeOfTears: walnuts, peanuts, cashews, hemp seeds
(78:01 / All) P12ACTICE: that sounds godo
(78:11 / All) LakeOfTears: what's going on your team?
(78:14 / All) P12ACTICE: I put M&M's in mine
(78:19 / All) P12ACTICE: orange is massing gold
(78:26 / All) P12ACTICE: killled everything with raiders
(78:31 / All) LakeOfTears: m&ms in it is good but I never think of it
(78:32 / All) P12ACTICE: back above 27 k
(78:47 / All) LakeOfTears: wow, orange just messing around
(78:57 / All) P12ACTICE: yeah duh!
(79:08 / All) P12ACTICE: honestly not to even troll you
(79:12 / All) P12ACTICE: game was so one sided
(79:19 / All) P12ACTICE: he had BM the whole game with expos till we died
(79:50 / All) LakeOfTears: it was pretty close for a while
(79:57 / All) P12ACTICE: yeah 3v1
(79:57 / All) LakeOfTears: I got a couple of your team's players
(80:01 / All) LakeOfTears: and he wasn't doing anything
(80:09 / All) P12ACTICE: 4v3***
(80:22 / All) P12ACTICE: so yeah close for a 4v3... with a teamate with 30k gold
(80:22 / All) LakeOfTears: I could have built up and done more than I did too
(80:31 / All) LakeOfTears: I have 18.3k gold and 7k lumber right now for example
(80:37 / All) P12ACTICE: right now
(80:38 / All) LakeOfTears: could probably mass up and kill him but it's a lotta effort
(80:43 / All) P12ACTICE: I am talking...
(80:46 / All) P12ACTICE: like 20 min ago
(80:48 / All) P12ACTICE: lol
(80:53 / All) LakeOfTears: Yeah I had a lot then too
(81:07 / All) LakeOfTears: I had an 80 food army and was working on a couple expos, and mass tping all over
(81:10 / All) P12ACTICE: no one tp'd to my base which was lols...
(81:10 / All) LakeOfTears: and hit and running your team
(81:27 / All) P12ACTICE: I could not expo cause they had all the expos :(
(81:33 / All) Victorino24: HE´S GOING DOWN
(81:33 / All) P12ACTICE: so no gold for TP when you hit
(81:39 / All) LakeOfTears: I took an expo purp was trying to take and he tried to tk me lol
(81:44 / All) LakeOfTears: then he left when I retaliated
(81:45 / All) Victorino24: TO EXPO MID DOWN
(81:56 / All) P12ACTICE: ah that's what that tk comment was
(82:04 / All) P12ACTICE: I creeped 3 red camps this game
(82:09 / All) P12ACTICE: I had so many nice items
(82:24 / All) LakeOfTears: I have a +17 mk with pendant of energy, 540 mana level 7
(82:29 / All) LakeOfTears: and level 8 am, owns
(82:35 / All) P12ACTICE: inferno, furblog, and the guy wih nova
(82:50 / All) P12ACTICE: inferno is such a sick item
(82:55 / All) LakeOfTears: yeah
(83:05 / All) LakeOfTears: I always forget dreadlord can summon it too
(83:06 / All) P12ACTICE: thats what I was destroying top with
(83:10 / All) LakeOfTears: no one ever has level 6 dl
(83:13 / All) P12ACTICE: stomp / and inferno
(83:19 / All) Victorino24: MID
(83:33 / All) P12ACTICE: lol teal has been informing you of him going mid as if that will help you
(83:40 / All) P12ACTICE: haha yeah pink, go get him!
(83:41 / All) LakeOfTears: he's very insightful
(83:50 / All) P12ACTICE: Go attack mid!
(83:52 / All) LakeOfTears: I could mass up and kill orange's army if I wanted to
(84:07 / All) P12ACTICE: I would like to see that
(84:08 / All) LakeOfTears: but I'm too busy smoking a bowl and eating trail mix
(84:14 / All) P12ACTICE: At this point I honestly don't think you could
(84:18 / All) P12ACTICE: earlier yes.
(84:20 / All) P12ACTICE: now nooo
(84:29 / All) LakeOfTears: why not, I can make 100 food same as him and have 18.3k to do it
(84:36 / All) LakeOfTears: and have lots of production
(84:36 / All) Victorino24: IT´S OBVIOSLY THAT HUMAN CAN WIN THE FIGHT VERSUS THIS ORC ARMY
(84:38 / All) P12ACTICE: every orc caster with tauren, raider, bats and a level 10 bm
(84:54 / All) LakeOfTears: well I have a level 8 am and 7 mk, superior heroes and could get every human caster with every other shit
(84:56 / All) P12ACTICE: What would you get?
(85:09 / All) LakeOfTears: not sure focusing on the weed man
(85:15 / All) Victorino24: GOING
(85:21 / All) Victorino24: DOWN EXPO
(85:44 / All) P12ACTICE: I think he honestly might have in my book the perfect orc army
(86:11 / All) P12ACTICE: more heros would be nice
(86:41 / All) P12ACTICE: That bm of not for topping out would be level 30 lol
(87:09 / All) Victorino24: MID
(87:39 / All) Beetlejews: Teal is a master of espionage
(87:43 / All) Beetlejews: will never give up the struggle
(87:57 / All) Victorino24: JAJAJAJAJAJAJA
(87:58 / All) Victorino24: MASTER
(88:01 / All) Victorino24: JAJAJAJAJAJAJJAJAJAJAJAJJA
(88:24 / All) Victorino24: HES GOING TO THE PRINCIPAL CITY
(88:37 / All) Victorino24: FROM DOWN
(89:02 / All) Victorino24: ALL LITTLE DETAILS IS HELPFULL IF YPU USE IT IN A GOOD WAY
(90:16 / All) LakeOfTears: this some good ganja man
(90:56 / All) gkjdfgh59867478: PINK U WON?
(91:05 / All) LakeOfTears: yea i might still win
(91:08 / All) LakeOfTears: war3 u never know
(91:15 / All) gkjdfgh59867478: YOUR SHIT BUD
(91:22 / All) LakeOfTears: I'm better than you any day blue
(91:26 / All) LakeOfTears: raped you this whole game lol
(91:31 / All) gkjdfgh59867478: 1C
(91:34 / All) gkjdfgh59867478: 1VS
(91:36 / All) LakeOfTears: would be funny if you somehow still lost from being just that bad
(91:38 / All) gkjdfgh59867478: 1VS2
(91:39 / All) P12ACTICE: Pink watch replay of top though :D
(92:03 / All) Victorino24: DOWN
(92:18 / All) Victorino24: GO
(92:19 / All) gkjdfgh59867478: IF ORANGE PLAYED HOW HE IS YOU WOULD BEEN FUCKED
(92:20 / All) Victorino24: MID
(92:37 / All) Victorino24: JAJAJAJAJAJAJAJAJAJAJAJA
(92:41 / All) Victorino24: SERIUSLYYY???
(92:57 / All) gkjdfgh59867478: BM RAPED U HAD TO TELEPORT NOOB
(93:08 / All) Victorino24: LETS SEE
(93:27 / All) gkjdfgh59867478: TEAL IM TKING U EVERY GAME
(93:33 / All) gkjdfgh59867478: AND PINK
(94:09 / All) gkjdfgh59867478: I CANT WAIT NO LONGER GOODJOB ORANGE
(94:21 / All) gkjdfgh59867478: YELLOW PERSONAL MESSAGE
(94:22 / All) LakeOfTears: I'm going to rebuild and kill orange
(94:40 / All) P12ACTICE: we know :D
(94:45 / All) P12ACTICE: lol mass knights?
(94:47 / All) gkjdfgh59867478: IM JUST HAPPY TO LEAVE CAUSE PINK IS TRASH
(94:49 / All) LakeOfTears: no
(94:53 / All) LakeOfTears: making everything
(94:55 / All) gkjdfgh59867478: 3 ARMY HE LOSES
(95:03 / All) gkjdfgh59867478: AGAINST 1
(95:09 / All) gkjdfgh59867478: TRASH DONT PLAY GOOF
(95:27 / All) LakeOfTears: You all lose
(95:28 / All) LakeOfTears: gonna end it
(96:52 / All) Victorino24: MID
(96:59 / All) LakeOfTears: thanks teal
(97:03 / All) LakeOfTears: very helpful
(97:08 / All) Victorino24: JAJAJAJJAA
(97:08 / All) P12ACTICE: haha XD
(97:17 / All) P12ACTICE: I don't think he understands your kidding pink...
(97:27 / All) LakeOfTears: I'm not kidding?
(97:30 / All) LakeOfTears: what am I kidding about?
(97:41 / All) P12ACTICE: why is it helpfull that he is mid?...
(97:48 / All) LakeOfTears: why wouldn't it be?
(98:00 / All) P12ACTICE: cause it doesnt' change anything you do.
(98:09 / All) LakeOfTears: I'm building up to 100 food and going to win
(98:10 / All) P12ACTICE: going to attack him at fountains? no...
(98:11 / All) LakeOfTears: I'm a winnewr
(99:49 / All) Victorino24: HE´S BUILDING UP RIGT
(100:12 / All) Victorino24: ONLY THE PRINCIPAL
(100:29 / All) Victorino24: MID
(100:34 / All) Beetlejews: MID
(100:57 / All) Victorino24: HE HAVE LOT OF MAGIC
(101:53 / All) Victorino24: I THINK HE´S GOINF TO WAIT YOU IN THE MID
(101:56 / All) Victorino24: JAJAJAJA
(102:00 / All) Beetlejews: Let's battle
(102:05 / All) P12ACTICE: at mid?
(102:08 / All) LakeOfTears: Not ready yet
(102:10 / All) Victorino24: DONT GO TO THE MID
(102:13 / All) Beetlejews: Battle of the Midway!
(102:15 / All) LakeOfTears: freeing food
(102:17 / All) P12ACTICE: lol
(102:29 / All) P12ACTICE: BATTLE MID VICTORY WOULD BE LOLZ
(102:35 / All) P12ACTICE: pink if you won mid battle
(102:39 / All) P12ACTICE: id call you the best player on wc
(102:41 / All) Victorino24: HE´S PUTTING A LOT OF MAGIC ITEMS IN THE MID
(102:49 / All) Beetlejews: What a rat fink
(103:36 / All) P12ACTICE: almost ready pink?
(103:39 / All) LakeOfTears: yeah
(103:40 / All) Victorino24: DONT GO TO THE MID... MAGIC ITEM ARRUOND THAT
(103:44 / All) Victorino24: HES GAY
(103:56 / All) LakeOfTears: I ain't gonna fall in your stasis wards
(103:57 / All) P12ACTICE: haha
(103:58 / All) LakeOfTears: you come to me
(104:03 / All) LakeOfTears: 6 rifles
(104:06 / All) P12ACTICE: awe lame.
(104:07 / All) LakeOfTears: 4 sorc, 4 priest
(104:10 / All) LakeOfTears: 4 hawk, 2 gryph
(104:14 / All) LakeOfTears: 5 knight, 3 tank
(104:15 / All) Victorino24: HES GOING
(104:16 / All) P12ACTICE: knights rest?
(104:18 / All) P12ACTICE: ah
(104:22 / All) P12ACTICE: tanks I THINK ARE UNECESSARY
(104:26 / All) P12ACTICE: breaker better
(104:33 / All) LakeOfTears: yeah they are unnecessary but too late now
(104:36 / All) P12ACTICE: he is in the open
(104:41 / All) P12ACTICE: now its fair fight
(104:52 / All) P12ACTICE: green light
(104:56 / All) P12ACTICE: go pink :D
(105:00 / All) LakeOfTears: one sec
(105:01 / All) LakeOfTears: need another ele
(105:06 / All) P12ACTICE: HAHA im so excited for this
(105:16 / All) Victorino24: JAJAAJJAJA
(105:45 / All) P12ACTICE: too many gunner
(106:08 / All) P12ACTICE: teals hopes were finally crushed
(106:09 / All) P12ACTICE: lol
(106:21 / All) LakeOfTears: I just amoved that
(106:25 / All) P12ACTICE: level 50 BM
(106:27 / All) LakeOfTears: too much effort to micro four control groups
(106:50 / All) Beetlejews: Fun battle
(106:51 / All) P12ACTICE: he still has 78 food lol so you killed 22 food :)
(107:00 / All) LakeOfTears: I amoved
(107:06 / All) LakeOfTears: the ai killed probably 18 food and me 4
(107:12 / All) LakeOfTears: maybe
(107:14 / All) P12ACTICE: HAHA
(107:26 / All) P12ACTICE: I woulda attack moved with that dynamic too
(107:42 / All) P12ACTICE: your better off 100% knights breakers
(107:43 / All) LakeOfTears: it's too much work to control that much shit lawl
(107:45 / All) P12ACTICE: or
(107:53 / All) Beetlejews: Alright
(107:54 / All) LakeOfTears: yeah I should've cut out the tanks and made more knights
(107:57 / All) Beetlejews: Time to give teal a loss on his record
(108:05 / All) LakeOfTears: wow, you're going to give me a win?
(108:10 / All) P12ACTICE: gg
(108:18 / All) LakeOfTears: gg yellow, at least you played for real
(108:23 / All) LakeOfTears: it's people like orange who ruin battle.net
(108:55 / All) Beetlejews: never the less, it's a matter of principle
(108:56 / All) P12ACTICE: thanks pinky
(109:14 / All) P12ACTICE: pink what channel you in?
(109:17 / All) P12ACTICE: lets search same time?
(113:54 / All) Beetlejews: Any parting words?
(114:03 / All) LakeOfTears: easy win after all
(114:30 / All) Beetlejews: how so?
(114:51 / All) LakeOfTears: I got you giving me a free win
(114:59 / All) LakeOfTears: maybe if I keep up this luck I can join a clan
(115:05 / All) LakeOfTears: if I get a high percentage win rate
(115:16 / All) Beetlejews: I'll give yellow control
(115:17 / All) P12ACTICE: clans don't care about percent
(115:34 / All) P12ACTICE: what clan do you want to join?
(115:48 / All) Beetlejews: he has until 3:04 to win
(116:00 / All) LakeOfTears: I want to join clan toke
(116:37 / All) LakeOfTears: you know what they require yellow?
(117:13 / All) Beetlejews: The ghost of christmas spirit oversees with a watchful eye
(118:02 / All) LakeOfTears: I'm gonna win
(118:16 / All) LakeOfTears: I'M A WINNER!
(118:17 / All) LakeOfTears: WOOOOOO!